 Dungeon Crawl Stone Soup version 0.30-a0-373-gd37427bb62 (webtiles) character file.

Game seed: 16847132810517366297

343 Hopman the Caller (level 6, 0/32 HPs)
             Began as a Deep Elf Summoner on Nov 24, 2022.
             Was a Believer of Sif Muna.
             Slain by a killer bee zombie (1 damage)
             ... in an ossuary.
             The game lasted 00:18:44 (2806 turns).

Hopman the Caller (Deep Elf Summoner)               Turns: 2806, Time: 00:18:47

Health: 0/32       AC:  2    Str:  5    XL:     6   Next: 31%
Magic:  7/15       EV: 13    Int: 28    God:    Sif Muna [**....]
Gold:   140        SH:  0    Dex: 15    Spells: 5/15 levels left

rFire   . . .      SeeInvis .    c - +0 sling
rCold   . . .      Faith    .    (no shield)
rNeg    . . .      Spirit   .    a - +0 robe
rPois   .          Reflect  .    (no helmet)
rElec   .          Harm     .    (no cloak)
rCorr   .          Rampage  .    (no gloves)
Will    .....                    (no boots)
Stlth   +++.......               (no amulet)
HPRegen 0.25/turn                h - +6 ring of intelligence
MPRegen 0.14/turn                (no ring)

@: no status effects
A: no striking features
a: Renounce Religion, Channel Magic


You were in an ossuary.
You worshipped Sif Muna.
Sif Muna was pleased with you.
You visited 1 branch of the dungeon, and saw 4 of its levels.
You also visited: Ossuary.

You collected 140 gold pieces.

Inventory:

Hand Weapons
 c - a +0 sling (weapon)
Armour
 a - a +0 robe (worn)
 k - a +0 pair of boots
Jewellery
 h - a +6 ring of intelligence (left hand)
Scrolls
 d - a scroll of poison {unknown}
 e - a scroll of noise {unknown}
 f - 3 scrolls of fear {unknown}
 j - 2 scrolls of enchant armour {unknown}
 l - a scroll of blinking {unknown}
 m - a scroll of teleportation {unknown}
 n - a scroll of amnesia {unknown}
Potions
 g - 3 potions of haste {unknown}
 i - a potion of resistance {unknown}


   Skills:
 + Level 2.2 Ranged Weapons
 + Level 3.4 Dodging
 + Level 3.9 Stealth
 * Level 5.0 Spellcasting
 + Level 1.3 Conjurations
 + Level 2.0 Hexes
 * Level 5.4 Summonings
 + Level 1.5 Invocations


You had 5 spell levels left.
You knew the following spells:

 Your Spells              Type           Power      Damage    Failure   Level
a - Summon Small Mammal   Summ           100%       N/A       1%          1
b - Call Imp              Summ           37%        N/A       1%          2
c - Call Canine Familiar  Summ           37%        N/A       1%          3
d - Summon Guardian Gole  Hex/Summ       28%        N/A       4%          3
e - Magic Dart            Conj           56%        1d5       3%          1

Your spell library contained the following spells:

 Spells                   Type           Power      Damage    Failure   Level
 Searing Ray              Conj           28%        2d5       6%          2
 Summon Lightning Spire   Summ/Air       22%        N/A       22%         4
 Fulminant Prism          Conj/Hex       8%         3d7       32%         4


Dungeon Overview and Level Annotations

Branches:
Dungeon (4/15)            Ossuary (1/1)
 Temple: D:4-7

Altars:
Dithmenos
Sif Muna
Uskayaw
Zin


Message History

Fire: c) +0 sling
Press: ? - help, Q - select action, (/) - cycle Shift-Dir - straight line, f - mummy
Aim: a mummy (severely damaged, ally target, 72% to hit)
You shoot a sling bullet.
The sling bullet hits the mummy but does no damage.
The mummy is severely damaged.
The killer bee zombie hits your quokka!
Your quokka dies!
Your quokka's corpse disappears in a puff of smoke!
Your hound bites the mummy but does no damage.
Your hound bites the mummy.
Fire: c) +0 sling
Press: ? - help, Q - select action, (/) - cycle Shift-Dir - straight line, f/p - mummy
Aim: a mummy (almost destroyed, ally target, 72% to hit)
You shoot a sling bullet. The sling bullet hits the mummy.
The mummy is almost destroyed.
Your hound bites the mummy.
The mummy is destroyed!
Sif Muna accepts your kill.
The killer bee zombie barely misses you.
Your hound bites the centaur zombie.
Your Hexes skill increases to level 2!
You shoot a sling bullet.
The sling bullet hits the killer bee zombie but does no damage.
The killer bee zombie hits you!
Your hound barely misses the killer bee zombie.
The killer bee zombie hits you. The centaur zombie closely misses you.
The centaur zombie barely misses you.
Your hound closely misses the killer bee zombie.
The killer bee zombie hits you but does no damage.
Your hound misses the killer bee zombie.
The killer bee zombie hits you.
* * * LOW HITPOINT WARNING * * *
You swap places.
The killer bee zombie hits you.
* * * LOW HITPOINT WARNING * * *
Your hound bites the centaur zombie.
The centaur zombie hits your hound but does no damage.
The centaur zombie kicks your hound but does no damage.
The killer bee zombie hits you.
You die...

+. #. +.
##. '.
###.#####
#.'.#..∩#
#.'.ZZ#
#.'.#@h.#
# #~#####
+~ #. ≈.
##


You could see a killer bee zombie, a centaur zombie (ally target) and a friendly
hound (summoned).

Vanquished Creatures
  A mummy (Ossuary)
  2 orcs (D:3)
  4 bats
  An endoplasm (D:2)
  A goblin (D:1)
  A hobgoblin (D:3)
  2 ball pythons (D:2)
  A frilled lizard (D:2)
  2 kobolds (D:2)
  3 rats
18 creatures vanquished.

Vanquished Creatures (collateral kills)
  A wyvern zombie (Ossuary)
  A centaur zombie (Ossuary)
  2 bullfrog zombies (Ossuary)
  6 mummies (Ossuary)
  A howler monkey zombie (Ossuary)
  An adder (D:2)
  An orc (D:3)
  2 endoplasms
  A giant cockroach (D:3)
  7 goblins
  6 hobgoblins
  4 quokkas
  5 ball pythons
  5 bats
  A frilled lizard (D:2)
  5 kobolds
  2 rats
51 creatures vanquished.

Vanquished Creatures (others)
  4 withered plants (Ossuary)
4 creatures vanquished.

Grand Total: 73 creatures vanquished

Notes
Turn   | Place    | Note
-------+----------+-------------------------------------------
     0 | D:1      | Hopman the Deep Elf Summoner began the quest for the Orb.
     0 | D:1      | Reached XP level 1. HP: 10/10 MP: 6/6
   240 | D:1      | Reached XP level 2. HP: 14/15 MP: 6/8
   752 | D:1      | Found a faded altar of an unknown god.
   784 | D:1      | Prayed at the altar of an unknown god.
   784 | D:1      | Became a worshipper of Sif Muna the Loreminder
   784 | D:1      | Reached * piety under Sif Muna
  1228 | D:2      | Reached XP level 3. HP: 19/19 MP: 8/10
  1231 | D:2      | Learned a level 2 spell: Call Imp
  1235 | D:2      | Learned a level 3 spell: Call Canine Familiar
  1239 | D:2      | Learned a level 3 spell: Summon Guardian Golem
  1769 | D:2      | Reached ** piety under Sif Muna
  1778 | D:2      | Reached skill level 1 in Ranged Weapons
  1862 | D:3      | Found a shadowy altar of Dithmenos.
  1960 | D:3      | Found a glowing silver altar of Zin.
  2165 | D:3      | Reached XP level 4. HP: 24/24 MP: 12/12
  2208 | D:3      | Found a hide-covered altar of Uskayaw.
  2465 | D:3      | Learned a level 1 spell: Magic Dart
  2714 | D:4      | Found a sand-covered staircase.
  2718 | Ossuary  | Entered an ossuary
  2745 | Ossuary  | Reached skill level 5 in Summonings
  2750 | Ossuary  | Reached skill level 1 in Hexes
  2750 | Ossuary  | Reached XP level 5. HP: 14/28 MP: 4/13
  2755 | Ossuary  | Reached skill level 1 in Invocations
  2763 | Ossuary  | Reached skill level 1 in Conjurations
  2772 | Ossuary  | Reached XP level 6. HP: 12/32 MP: 3/15
  2796 | Ossuary  | Reached skill level 5 in Spellcasting
  2806 | Ossuary  | HP: 1/32 [killer bee zombie (6)]
  2806 | Ossuary  | Slain by a killer bee zombie

Illustrated notes

Levels and vault maps discovered:
D:1:      dpeg_arrival_arbitrary_c, layout_loops_ring,
          ebering_ecumenical_altar_abandoned
D:2:      layout_basic
D:3:      layout_basic, mainiacjoe_overflow_cross_hatched,
          mainiacjoe_overflow_large_starburst
D:4:      layout_basic, minmay_temple_entry_fiery, nicolae_ossuary_entry_plus,
          uniq_ijyb
Ossuary:  ossuary_zaba_flooded

Skill      XL: |  1  2  3  4  5  6 |
---------------+-------------------+-----
Stealth        | 3 |  3.9
Ranged Weapons | 1 2 |  2.2
Spellcasting   | 4 5 |  5.0
Dodging        | 3 |  3.4
Summonings     | 5 |  5.4
Hexes          | 1 2 |  2.0
Invocations    | 1 |  1.5
Conjurations   | 1 |  1.3

Action                   |  1- 3 |  4- 6 || total
-------------------------+-------+-------++-------
Melee: Unarmed           |     5 |       ||     5
 Fire: Sling             |    66 |    26 ||    92
 Cast: Summon Small Mamm |    37 |     1 ||    38
       Call Imp          |     7 |     9 ||    16
       Call Canine Famil |     1 |     5 ||     6
  Use: Potion            |       |     1 ||     1
Armor: Robe              |    21 |     1 ||    22
Dodge: Dodged            |    65 |     8 ||    73

Table legend: (Time is in decaauts)
 A = Elapsed time spent in this place.
 B = Non-inter-level travel time spent in this place.
 C = Inter-level travel time spent in this place.
 D = Time resting spent in this place.
 E = Time spent auto-exploring this place.
 F = Levels seen in this place.
 G = Mean time per level.
                   A        B        C        D        E       F      G
               +--------+--------+--------+--------+--------+-----+--------+
         Total |   2845 |   2719 |    126 |    207 |   1737 |   5 |  569.0 |
       Dungeon |   2752 |   2626 |    126 |    204 |   1737 |   4 |  688.0 |
       Ossuary |     93 |     93 |      0 |      3 |      0 |   1 |   93.0 |
               +--------+--------+--------+--------+--------+-----+--------+

Top non-repeatable levels by time:
     D:1: 1044 daAuts
     D:3: 857 daAuts
     D:2: 837 daAuts
 Ossuary: 93 daAuts
     D:4: 12 daAuts
